 Dungeon Crawl Stone Soup version 0.29-a0-330-g52719c12eb (webtiles) character file.

Game seed: 2563241886085415117

545 night the Grasshopper (level 7, -19/56 HPs)
             Began as a Gnoll Warper on May 22, 2022.
             Demolished by an ogre
             ... wielding a +0 giant spiked club
              (23 damage)
             ... on level 5 of the Dungeon.
             The game lasted 00:12:04 (5348 turns).

night the Grasshopper (Gnoll Warper)                Turns: 5348, Time: 00:12:05

Health: -19/56     AC:  4    Str: 10    XL:     7   Next: 27%
Magic:  6/15       EV: 13    Int: 15    God:
Gold:   143        SH:  0    Dex: 11    Spells: 0/17 levels left

rFire   . . .      SeeInvis .     - Unarmed
rCold   . . .      Faith    .   (no shield)
rNeg    + . .      Spirit   .   q - +2 robe {rN+}
rPois   .          Reflect  .   (no helmet)
rElec   .          Harm     .   (no cloak)
rCorr   .          Rampage  .   (no gloves)
Will    .....                   (no boots)
Stlth   ++........              (no amulet)
HPRegen 0.18/turn               s - ring of flight
MPRegen 0.14/turn               (no ring)

@: on blink cooldown, flying
A: fangs 1, strong nose, distributed training
a: no special abilities


You were on level 5 of the Dungeon.
You visited 1 branch of the dungeon, and saw 5 of its levels.

You collected 208 gold pieces.
You spent 65 gold pieces at shops.

Inventory:

Hand Weapons
 b - a +1 hunting sling of flaming
Missiles
 c - 4 boomerangs of dispersal (quivered)
 f - 5 curare-tipped darts
 h - 83 stones
 m - 2 poisoned darts
Armour
 a - a +0 leather armour
 q - a +2 robe of positive energy (worn)
Jewellery
 s - a ring of flight (left hand)
Scrolls
 i - a scroll of blinking
 n - 3 scrolls of teleportation
 o - a scroll of magic mapping
 r - a scroll of brand weapon
Potions
 d - 2 potions of mutation
 e - a potion of invisibility
 g - 2 potions of resistance
 j - 2 potions of lignification
 k - a potion of curing {unknown}
 l - 4 potions of heal wounds
 p - a potion of attraction {unknown}
 t - a potion of haste {unknown}


   Skills:
 + Level 5.2 Fighting
 + Level 2.3 Short Blades
 + Level 2.3 Long Blades
 + Level 2.3 Axes
 + Level 2.3 Maces & Flails
 + Level 2.3 Polearms
 + Level 2.3 Staves
 + Level 2.3 Slings
 + Level 2.3 Bows
 + Level 2.3 Crossbows
 + Level 3.5 Throwing
 + Level 3.5 Armour
 + Level 5.2 Dodging
 + Level 2.3 Stealth
 + Level 2.3 Shields
 + Level 5.2 Unarmed Combat
 + Level 5.5 Spellcasting
 + Level 1.9 Conjurations
 + Level 1.9 Hexes
 + Level 1.9 Summonings
 + Level 1.9 Necromancy
 + Level 5.8 Translocations
 + Level 1.9 Transmutations
 + Level 1.9 Fire Magic
 + Level 1.9 Ice Magic
 + Level 1.9 Air Magic
 + Level 1.9 Earth Magic
 + Level 1.9 Poison Magic
 + Level 2.6 Invocations
 + Level 2.3 Evocations


You couldn't memorise any spells.
You knew the following spells:

 Your Spells              Type           Power      Damage    Failure   Level
a - Sting                 Tmut/Pois      40%        1d5       7%          1
b - Poisonous Vapours     Pois/Air       20%        N/A       11%         2
c - Manifold Assault      Tloc           21%        N/A       36%         5
d - Olgreb's Toxic Radia  Pois           10%        N/A       56%         4
e - Teleport Other        Tloc           21%        N/A       4%          3
f - Blink                 Tloc           42%        N/A       2%          2

Your spell library contained the following spells:

 Spells                   Type           Power      Damage    Failure   Level
 Gell's Gravitas          Tloc           21%        N/A       4%          3
 Lesser Beckoning         Tloc           21%        N/A       4%          3


Dungeon Overview and Level Annotations

Branches:
Dungeon (5/15)
 Temple: D:4-7

Altars:

Shops:
D:2 !?*((


Innate Abilities, Weirdness & Mutations

You have very sharp teeth.
Your uncanny sense of smell can sniff out nearby items.
Your experience applies equally to all skills.


Message History

Confirm with . or Enter, or press ? or * to list all spells.
Aiming: Sting (safe; 7% risk of failure)
Press: ? - help, Shift-Dir - straight line, f/p - black bear
Aim: a black bear (heavily wounded, 79% to hit)
The sting hits the black bear.
The black bear is poisoned.
The black bear is severely wounded.
The black bear completely misses you. The black bear claws you.
The black bear closely misses you.
The black bear goes berserk!
Casting: Sting (safe; 7% risk of failure)
Confirm with . or Enter, or press ? or * to list all spells.
Aiming: Sting (safe; 7% risk of failure)
Press: ? - help, Shift-Dir - straight line, f/p - black bear
Aim: a black bear (severely wounded, berserk, poisoned, 79% to hit)
The sting hits the black bear.
The black bear looks even sicker.
The black bear is almost dead.
Casting: Sting (safe; 7% risk of failure)
Confirm with . or Enter, or press ? or * to list all spells.
Aiming: Sting (safe; 7% risk of failure)
Press: ? - help, Shift-Dir - straight line, f/p - black bear
Aim: a black bear (almost dead, berserk, very poisoned, 79% to hit)
The sting hits the black bear.
The black bear looks even sicker.
The black bear is almost dead.
The ogre looks more healthy.
The black bear bites you! The black bear barely misses you.
The black bear claws you.
* * * LOW HITPOINT WARNING * * *
The black bear bites you.
* * * LOW HITPOINT WARNING * * *
The black bear claws you.
* * * LOW HITPOINT WARNING * * *
The black bear claws you.
* * * LOW HITPOINT WARNING * * *
Casting: Sting (safe; 7% risk of failure)
Confirm with . or Enter, or press ? or * to list all spells.
You blink.
You kill the black bear!
Something hits you.
* * * LOW HITPOINT WARNING * * *
The ogre hits you with a +0 giant spiked club!!
You die...

# #.........÷....##....<....#
#.##..........###.............
#.=.......###.†..............#
#..#####..##########..........
#.. ##...#### #.........# #.#
##.....### #.......... ..
###.#...# #..........
#S.##########..##)###########..
#.....)..§$O.O@..)..... ..
##.###############...#. {.. ∆.
∆


You could see 2 ogres.

Vanquished Creatures
  Sigmund (D:3)
  2 black bears (D:5)
  A jelly (D:5)
  An iguana (D:5)
  Natasha (thrice) (D:3)
  2 gnolls (D:1)
  4 adders
  3 worms
  A dart slug (D:1)
  7 orcs
  10 ball pythons
  6 endoplasms
  10 giant cockroaches
  6 goblins
  7 hobgoblins
  6 jackals
  3 quokkas
  6 bats
  4 frilled lizards
  7 kobolds
  5 rats
95 creatures vanquished.

Vanquished Creatures (others)
  A plant (D:1)
1 creature vanquished.

Grand Total: 96 creatures vanquished

Notes
Turn   | Place    | Note
-------+----------+-------------------------------------------
     0 | D:1      | night the Gnoll Warper began the quest for the Orb.
     0 | D:1      | Reached XP level 1. HP: 20/20 MP: 6/6
   195 | D:1      | Reached XP level 2. HP: 26/26 MP: 7/7
   201 | D:1      | Learned a level 2 spell: Blink
   297 | D:1      | HP: 3/26 [gnoll/+2 flail of protection (11)]
   350 | D:1      | Reached skill level 5 in Spellcasting
   350 | D:1      | Reached XP level 3. HP: 18/31 MP: 7/9
   652 | D:1      | Reached skill level 1 in Invocations
   742 | D:1      | Learned a level 3 spell: Teleport Other
  1203 | D:1      | Reached skill level 1 in Short Blades
  1203 | D:1      | Reached skill level 1 in Long Blades
  1203 | D:1      | Reached skill level 1 in Axes
  1203 | D:1      | Reached skill level 1 in Maces & Flails
  1203 | D:1      | Reached skill level 1 in Polearms
  1203 | D:1      | Reached skill level 1 in Staves
  1203 | D:1      | Reached skill level 1 in Slings
  1203 | D:1      | Reached skill level 1 in Bows
  1203 | D:1      | Reached skill level 1 in Crossbows
  1203 | D:1      | Reached skill level 1 in Stealth
  1203 | D:1      | Reached skill level 1 in Shields
  1203 | D:1      | Reached skill level 1 in Evocations
  1203 | D:1      | Reached XP level 4. HP: 20/38 MP: 11/11
  1775 | D:2      | Found Arobreoggu's Weapon Emporium.
  1789 | D:2      | Found Zaunyw's Weapon Shoppe.
  1833 | D:2      | Found Xuef Vish's Magic Scroll Shop.
  2060 | D:2      | Found Wogunoem's Assorted Antiques.
  2091 | D:2      | Found Cotir's Distillery.
  2112 | D:2      | Bought a potion of heal wounds for 65 gold pieces
  2135 | D:2      | Reached skill level 1 in Conjurations
  2135 | D:2      | Reached skill level 1 in Hexes
  2135 | D:2      | Reached skill level 1 in Summonings
  2135 | D:2      | Reached skill level 1 in Necromancy
  2135 | D:2      | Reached skill level 1 in Transmutations
  2135 | D:2      | Reached skill level 1 in Fire Magic
  2135 | D:2      | Reached skill level 1 in Ice Magic
  2135 | D:2      | Reached skill level 1 in Air Magic
  2135 | D:2      | Reached skill level 1 in Earth Magic
  2135 | D:2      | Reached skill level 1 in Poison Magic
  2317 | D:2      | Reached XP level 5. HP: 35/43 MP: 12/12
  2836 | D:3      | Noticed Sigmund
  2854 | D:3      | Killed Sigmund
  2855 | D:3      | Reached skill level 2 in Invocations
  2855 | D:3      | Reached XP level 6. HP: 11/50 MP: 14/14
  3125 | D:3      | Found a faded altar of an unknown god.
  3164 | D:3      | Noticed Natasha
  3170 | D:3      | Killed Natasha
  3171 | D:3      | Reached skill level 5 in Fighting
  3171 | D:3      | Reached skill level 5 in Dodging
  3171 | D:3      | Reached skill level 5 in Unarmed Combat
  3177 | D:3      | Learned a level 5 spell: Manifold Assault
  3255 | D:3      | HP: 7/51 [poisoned by a kobold]
  3259 | D:3      | HP: 3/51 [poisoned by a kobold]
  3578 | D:3      | Reached skill level 2 in Short Blades
  3578 | D:3      | Reached skill level 2 in Long Blades
  3578 | D:3      | Reached skill level 2 in Axes
  3578 | D:3      | Reached skill level 2 in Maces & Flails
  3578 | D:3      | Reached skill level 2 in Polearms
  3578 | D:3      | Reached skill level 2 in Staves
  3578 | D:3      | Reached skill level 2 in Slings
  3578 | D:3      | Reached skill level 2 in Bows
  3578 | D:3      | Reached skill level 2 in Crossbows
  3578 | D:3      | Reached skill level 2 in Stealth
  3578 | D:3      | Reached skill level 2 in Shields
  3578 | D:3      | Reached skill level 2 in Evocations
  3651 | D:3      | Noticed Natasha
  3661 | D:3      | Killed Natasha
  3840 | D:3      | Noticed Natasha
  3854 | D:3      | Killed Natasha
  4999 | D:5      | Entered Level 5 of the Dungeon
  5024 | D:5      | Reached XP level 7. HP: 46/56 MP: 15/15
  5101 | D:5      | Learned a level 1 spell: Sting
  5104 | D:5      | Learned a level 2 spell: Poisonous Vapours
  5109 | D:5      | Learned a level 4 spell: Olgreb's Toxic Radiance
  5347 | D:5      | HP: 7/56 [black bear (2)]
  5348 | D:5      | Demolished by an ogre

Illustrated notes

Levels and vault maps discovered:
D:1:      minmay_arrival_arboretum_large, layout_rooms, serial_forest,
          infiniplex_forest_clump_small, infiniplex_forest_clump_medium,
          infiniplex_forest_straight_1, infiniplex_forest_corner_1,
          infiniplex_forest_clump_long, infiniplex_forest_lined_3,
          infiniplex_forest_lined_room_2, infiniplex_forest_end_double,
          minmay_misc_feat_columns, minmay_misc_feat_more_columns
D:2:      layout_loops_ring, serial_shops, shop, shop, nicolae_shop_crystal,
          nicolae_shop_bloodbath_and_beyond, nicolae_diamond_shop,
          minmay_pentomino_u2
D:3:      layout_basic, dreamdust_ecumenical_altar_statues, uniq_sigmund,
          uniq_natasha
D:4:      layout_basic, palyth_stone_intersect, serial_park_tiny_2
D:5:      layout_rooms, uniq_grinder

Skill      XL: |  1  2  3  4  5  6 |
---------------+-------------------+-----
Spellcasting   | 5 |  5.5
Invocations    | 1 2 |  2.6
Short Blades   | 1 2 |  2.3
Long Blades    | 1 2 |  2.3
Axes           | 1 2 |  2.3
Maces & Flails | 1 2 |  2.3
Polearms       | 1 2 |  2.3
Staves         | 1 2 |  2.3
Slings         | 1 2 |  2.3
Bows           | 1 2 |  2.3
Crossbows      | 1 2 |  2.3
Stealth        | 1 2 |  2.3
Shields        | 1 2 |  2.3
Evocations     | 1 2 |  2.3
Conjurations   | 1 |  1.9
Hexes          | 1 |  1.9
Summonings     | 1 |  1.9
Necromancy     | 1 |  1.9
Transmutations | 1 |  1.9
Fire Magic     | 1 |  1.9
Ice Magic      | 1 |  1.9
Air Magic      | 1 |  1.9
Earth Magic    | 1 |  1.9
Poison Magic   | 1 |  1.9
Throwing       | 3 |  3.5
Armour         | 3 |  3.5
Fighting       | 5 |  5.2
Dodging        | 5 |  5.2
Unarmed Combat | 5 |  5.2
Translocations | |  5.8

Action                   |  1- 3 |  4- 6 |  7- 9 || total
-------------------------+-------+-------+-------++-------
Melee: Unarmed           |   115 |   126 |    13 ||   254
       Bite              |     9 |    17 |     3 ||    29
       Punch             |     4 |     5 |     2 ||    11
 Fire: Hunting sling     |     3 |   133 |     1 ||   137
Throw: Boomerang         |     3 |       |       ||     3
       Dart              |       |     1 |       ||     1
 Cast: Teleport Other    |       |     1 |       ||     1
       Manifold Assault  |       |     1 |       ||     1
       Sting             |       |       |     3 ||     3
       Poisonous Vapours |       |       |     2 ||     2
       Olgreb's Toxic Ra |       |       |     1 ||     1
       Blink             |       |       |     1 ||     1
  Use: Scroll            |     4 |     5 |       ||     9
       Potion            |     1 |       |       ||     1
 Stab: Sleeping          |       |     1 |       ||     1
Armor: Leather armour    |    17 |    17 |       ||    34
       Robe              |       |    33 |    10 ||    43
Dodge: Dodged            |    64 |   112 |    22 ||   198

Table legend: (Time is in decaauts)
 A = Elapsed time spent in this place.
 B = Non-inter-level travel time spent in this place.
 C = Inter-level travel time spent in this place.
 D = Time resting spent in this place.
 E = Time spent auto-exploring this place.
 F = Levels seen in this place.
 G = Mean time per level.
                   A        B        C        D        E       F      G
               +--------+--------+--------+--------+--------+-----+--------+
         Total |   5374 |   5274 |    100 |    546 |   3737 |   5 | 1074.8 |
       Dungeon |   5374 |   5274 |    100 |    546 |   3737 |   5 | 1074.8 |
               +--------+--------+--------+--------+--------+-----+--------+

Top non-repeatable levels by time:
     D:1: 1761 daAuts
     D:3: 1310 daAuts
     D:2: 1033 daAuts
     D:4: 921 daAuts
     D:5: 347 daAuts
